 Dungeon Crawl Stone Soup version 0.29.1-1-gd02db6906a (webtiles) character file.

Game seed: 7920537331776138665

512 holycorn the Cleaver (level 6, -21/56 HPs)
             Began as a Minotaur Berserker on Sept 21, 2022.
             Was a Believer of Trog.
             Demolished by an ogre
             ... wielding a +0 giant spiked club
              (34 damage)
             ... on level 5 of the Dungeon.
             The game lasted 00:09:36 (4227 turns).

holycorn the Cleaver (Minotaur Berserker)           Turns: 4227, Time: 00:09:36

Health: -21/56     AC:  7    Str: 24    XL:     6   Next: 99%
Magic:  5/5        EV: 10    Int:  4    God:    Trog [**....]
Gold:   240        SH:  0    Dex:  9    Spells: 5/5 levels left

rFire   . . .      SeeInvis .   q - +0 war axe
rCold   + . .      Faith    .   (no shield)
rNeg    . . .      Spirit   .   y - +0 scale mail
rPois   .          Reflect  .   (helmet restricted)
rElec   .          Harm     .   (no cloak)
rCorr   .          Rampage  .   i - +0 pair of gloves
Will    .....                   (no boots)
Stlth   ..........              (no amulet)
HPRegen 0.18/turn               g - ring of protection from cold
MPRegen 0.09/turn               (no ring)

@: on berserk cooldown, slowed, very slow
A: horns 2, retaliatory headbutt
a: Renounce Religion, Berserk, Trog's Hand


You were on level 5 of the Dungeon.
You worshipped Trog.
Trog was pleased with you.
You visited 1 branch of the dungeon, and saw 5 of its levels.

You collected 240 gold pieces.

Inventory:

Hand Weapons
 a - a +0 hand axe
 q - a +0 war axe (weapon)
Armour
 b - a +0 animal skin
 i - a +0 pair of gloves (worn)
 r - a +0 ring mail
 y - a +0 scale mail (worn)
Jewellery
 g - a ring of protection from cold (left hand)
Wands
 c - a wand of iceblast (9)
 u - a wand of flame (7)
 v - a wand of light (4)
Scrolls
 d - a scroll of magic mapping {unknown}
 j - 5 scrolls of blinking {unknown}
 l - 2 scrolls of immolation
 m - 2 scrolls of teleportation
 n - a scroll of enchant weapon {unknown}
 s - 2 scrolls of noise {unknown}
 w - 2 scrolls of fear {unknown}
 x - 2 scrolls of enchant armour {unknown}
Potions
 e - a potion of resistance
 f - 4 potions of flight
 h - a potion of curing
 k - a potion of cancellation
 o - a potion of degeneration {unknown}
 p - a potion of brilliance {unknown}
 t - a potion of heal wounds {unknown}


   Skills:
 + Level 5.3 Fighting
 * Level 8.6 Axes
 - Level 2.5 Armour
 - Level 2.3 Dodging
 - Level 0.2 Stealth


You had 5 spell levels left.
You didn't know any spells.
Your spell library was empty.

Dungeon Overview and Level Annotations

Branches:
Dungeon (5/15)             Temple (0/1) D:4

Altars:
Elyvilon
Nemelex Xobeh

Shops:
D:4 ?


Innate Abilities, Weirdness & Mutations

You have a pair of horns on your head.
You reflexively headbutt those who attack you in melee.


Message History

You are no longer poisoned.
You slice the gnoll!!
You kill the gnoll!
Trog accepts your kill. The white imp gestures at you.
The puff of frost hits you. You resist.
The howler monkey hits you but does no damage.
Things that are here:
a +0 club; a +0 flail; a gnoll corpse You hit the howler monkey.
The howler monkey is lightly wounded.
An ogre comes into view. It is wielding a +0 giant spiked club.
The howler monkey misses you.
The ogre shouts!
You slice the howler monkey!!
You kill the howler monkey!
Trog accepts your kill.
You barely miss the white imp. The white imp gestures at you.
The puff of frost hits you. You resist.
Your Axes skill increases to level 8!
You barely miss the white imp. You headbutt the white imp!
You kill the white imp!
Trog accepts your kill.
You slash the water moccasin! The water moccasin bites you!
You hit the water moccasin. You headbutt the water moccasin!
You kill the water moccasin!
Trog accepts your kill.
You see here a water moccasin corpse.
You feel a strong urge to attack something.
You are no longer berserk.
You are exhausted.
You feel yourself slow down.
The ogre hits you with a +0 giant spiked club!!
* * * LOW HITPOINT WARNING * * *
You are too injured to fight recklessly!
You barely miss the ogre.
The ogre hits you with a +0 giant spiked club!!
Ouch! That really hurt!
You die...

.........#
..........
.........#
.........#
.........########
................#
#....O.#.......#
#.##@#.......#
#............#
#.###.†#.......#
#......))).....#
.......†#.".....#
##..##.#.<.....##
#..#..#..####.#
.......#..# #
##........#


You could see an ogre.

Vanquished Creatures
  A water moccasin (D:5)
  A scorpion (D:4)
  A howler monkey (D:5)
  Crazy Yiuf (D:3)
  Ijyb (D:3)
  Terence (D:2)
  Robin (D:3)
  9 gnolls
  5 adders
  A white imp (D:5)
  A worm (D:3)
  3 dart slugs
  An orc (D:4)
  5 ball pythons
  8 bats
  4 endoplasms
  3 giant cockroaches
  6 hobgoblins
  9 jackals
  A quokka (D:1)
  3 frilled lizards
  13 goblins
  3 kobolds
  8 rats
90 creatures vanquished.

Vanquished Creatures (others)
  A goblin (D:3)
  18 plants
19 creatures vanquished.

Grand Total: 109 creatures vanquished

Notes
Turn   | Place    | Note
-------+----------+-------------------------------------------
     0 | D:1      | holycorn the Minotaur Berserker began the quest for the
                  | Orb.
     0 | D:1      | Reached XP level 1. HP: 19/19 MP: 0/0
   117 | D:1      | Found a faded altar of an unknown god.
   129 | D:1      | Reached skill level 4 in Axes
   129 | D:1      | Reached XP level 2. HP: 18/27 MP: 1/1
   498 | D:1      | Reached XP level 3. HP: 19/33 MP: 2/2
  1532 | D:2      | Noticed Terence
  1541 | D:2      | Killed Terence
  1542 | D:2      | Reached skill level 5 in Axes
  1542 | D:2      | Reached XP level 4. HP: 29/41 MP: 3/3
  1730 | D:2      | Reached ** piety under Trog
  2115 | D:3      | Noticed Robin
  2122 | D:3      | Killed Robin
  2328 | D:3      | Reached skill level 6 in Axes
  2332 | D:3      | Reached XP level 5. HP: 27/47 MP: 4/4
  2487 | D:3      | Noticed Ijyb
  2498 | D:3      | Killed Ijyb
  3327 | D:3      | Found a runed translucent door.
  3328 | D:3      | Noticed Crazy Yiuf
  3339 | D:3      | Killed Crazy Yiuf
  3340 | D:3      | Reached skill level 7 in Axes
  3704 | D:4      | Found Ynekk's Magic Scroll Shop.
  3808 | D:4      | Reached skill level 5 in Fighting
  3808 | D:4      | Reached XP level 6. HP: 56/56 MP: 5/5
  3845 | D:4      | Found a staircase to the Ecumenical Temple.
  4168 | D:4      | Found a white marble altar of Elyvilon.
  4168 | D:4      | Found a sparkling altar of Nemelex Xobeh.
  4210 | D:5      | Entered Level 5 of the Dungeon
  4215 | D:5      | Noticed a water moccasin
  4222 | D:5      | Reached skill level 8 in Axes
  4223 | D:5      | Killed a water moccasin
  4227 | D:5      | Demolished by an ogre

Illustrated notes

Levels and vault maps discovered:
D:1:      psy_arrival_dodecagon, layout_loops_ring,
          hellmonk_ecumenical_altar_lost_god, serial_bayou_pond_e, st_stairs_5
D:2:      layout_basic, uniq_terence
D:3:      layout_loops_corners, portal_sewer_entry_d, serial_forest,
          infiniplex_forest_3_way, infiniplex_forest_lined_2,
          infiniplex_forest_clump_curved, infiniplex_forest_clump_diagonal,
          infiniplex_forest_clump_large, infiniplex_forest_diagonal,
          infiniplex_forest_clump_long, infiniplex_forest_lined_2, uniq_robin,
          uniq_crazy_yiuf_cottage, uniq_ijyb
D:4:      layout_basic, gammafunk_temple_overflow_pools, temple_green,
          serial_shops, nicolae_shop_stone
D:5:      layout_loops_cross, guppyfry_early_orc_mine, uniq_blork_the_orc

Skill      XL: |  1  2  3  4  5  6 |
---------------+-------------------+-----
Axes           | 4 5 6 7 8 |  8.6
Fighting       | 4 5 |  5.3
Armour         | |  2.5
Dodging        | |  2.3
Stealth        | |  0.2

Action                   |  1- 3 |  4- 6 || total
-------------------------+-------+-------++-------
Melee: Hand axe          |    62 |       ||    62
       Headbutt          |     8 |    19 ||    27
       Punch             |     1 |     1 ||     2
       War axe           |     8 |   107 ||   115
Invok: Berserk           |       |     3 ||     3
  Use: Scroll            |       |     7 ||     7
Armor: Animal skin       |    12 |     2 ||    14
       Ring mail         |       |    24 ||    24
       Scale mail        |       |     1 ||     1
Dodge: Dodged            |    63 |    56 ||   119
